WCHLSIM.com - West Coast Hockey League
html PUBLIC "-//W3C//DTD XHTML 1.0 Transitional//EN" "http://www.w3.org/TR/xhtml1/DTD/xhtml1-transitional.dtd"> WCHL - Game 725 - BANFF WOLVES vs LONG BEACH BARACUDAS

BANFF WOLVES vs LONG BEACH BARACUDAS

Created - 25 janvier 2024 at 06:12

Goals
1 2 3 T
BANFF WOLVES 3 3 0 6
LONG BEACH BARACUDAS 0 2 0 2
Shots
1 2 3 T
BANFF WOLVES 15 11 15 41
LONG BEACH BARACUDAS 4 16 5 25

1st period

1. BANFF WOLVES , Roope Hintz 11 (Mats Zuccarello 27, Elias Lindholm 28) at 4:31
2. BANFF WOLVES , John Tavares 18 (Tyler Toffoli 18, Ian Cole 8) at 10:58
3. BANFF WOLVES , Cam Fowler 3 (Mats Zuccarello 28, Miro Heiskanen 23) at 19:22

Penalties :
Peyton Krebs (LOB) for Cross-checking (Minor) at 10:59

2nd period

4. LONG BEACH BARACUDAS , Jaden Schwartz 18 (William Karlsson 35) at 0:12
5. BANFF WOLVES , Timo Meier 15 (Cam Fowler 21, Joel Eriksson Ek 29) at 1:47
6. BANFF WOLVES , Mats Zuccarello 21 (Elias Lindholm 29) at 14:50
7. LONG BEACH BARACUDAS , Ryan O'Reilly 16 (Peyton Krebs 4, Anton Stralman 1) at 16:28
8. BANFF WOLVES , Tyler Toffoli 20 (John Tavares 20, Miro Heiskanen 24) at 19:55

Penalties :
Cam Fowler (BAN) for Holding (Minor) at 3:31

3rd period

No Goal

Penalties :
Peyton Krebs (LOB) for Roughing (Double Minor) at 6:00, Ian Cole (BAN) for Roughing (Minor) at 12:59, Matt Irwin (LOB) for Roughing (Minor) at 17:42

Goalie Stats

Jordan Binnington (BAN), 23 saves from 25 shots - (0,920), W, 24-4-3, 60:00 minutes
Alex Lyon (LOB), 23 saves from 25 shots - (0,920), 38:13 minutes
Ukko-Pekka Luukkonen (LOB), 12 saves from 16 shots - (0,750), L, 4-10-0, 21:47 minutes

Players Stats for BANFF WOLVES

Player Name              G  A  P  +/- PIM S  H  SB GA TA FO     MP     PP MP  PK MP  
------------------------------------------------------------------------------------
Adam Henrique            0  0  0   1  0   2  0  0  0  0  2/2    16:22   0:00   1:40 
Cam Fowler               1  1  2   2  2   2  0  1  0  0  0/0    18:30   0:00   1:21 
Elias Lindholm           0  2  2   2  0   6  2  0  0  0  22/38  22:50   4:28   1:40 
Eric Staal               0  0  0   0  0   0  0  0  0  0  0/0     2:19   0:00   0:00 
Ian Cole                 0  1  1   2  2   0  0  2  0  0  0/0    13:22   0:00   0:59 
Jason Dickinson          0  0  0   0  0   0  0  1  0  0  0/1     4:37   0:00   2:18 
Joel Eriksson Ek         0  1  1   1  0   1  3  0  0  0  12/22  22:48   3:29   2:18 
John Tavares             1  1  2   1  0   6  1  0  0  0  0/1    17:51   3:29   0:00 
Jordan Staal             0  0  0   1  0   1  1  0  0  0  13/23  14:22   0:00   0:00 
Logan O'Connor           0  0  0   0  0   0  0  0  0  0  0/0     0:00   0:00   0:00 
Mats Zuccarello          1  2  3   2  0   6  0  0  0  0  1/2    21:10   4:28   0:00 
Miro Heiskanen           0  2  2   2  0   0  2  3  0  0  0/0    24:46   3:29   2:25 
Quinton Hughes           0  0  0   0  0   2  1  1  0  0  0/0    21:57   4:28   0:40 
Roman Josi               0  0  0   0  0   4  0  1  0  0  0/0    25:30   4:28   2:31 
Roope Hintz              1  0  1   2  0   5  1  1  0  0  0/1    20:11   3:29   0:00 
Simon Benoit             0  0  0   2  0   0  2  0  0  0  0/0    12:24   0:00   0:00 
Timo Meier               1  0  1   1  0   3  1  0  0  0  0/2    18:11   3:29   0:00 
Tyler Toffoli            1  1  2   1  0   3  0  0  0  0  0/2    18:50   4:28   0:00 

Players Stats for LONG BEACH BARACUDAS

Player Name              G  A  P  +/- PIM S  H  SB GA TA FO     MP     PP MP  PK MP  
------------------------------------------------------------------------------------
Alexander Holtz          0  0  0   0  0   1  1  0  0  0  0/0     7:28   0:00   3:26 
Alexander Romanov        0  0  0  -1  0   0  2  3  0  0  0/0    18:58   2:53   2:16 
Andreas Athanasiou       0  0  0  -1  0   1  0  0  0  0  1/1    16:27   0:00   0:34 
Anton Stralman           0  1  1   0  0   1  2  0  0  0  0/0    20:54   0:22   3:01 
Boris Katchouk           0  0  0   0  0   0  2  0  0  0  0/1    11:34   0:00   0:30 
Calen Addison            0  0  0  -1  0   0  1  1  0  0  0/0    17:54   0:51   3:11 
Derek Stepan             0  0  0   0  0   0  0  0  0  0  4/8     6:15   0:51   1:22 
Ethan Prow               0  0  0   0  0   0  0  2  0  0  0/0    19:48   0:22   1:24 
Jaden Schwartz           1  0  1  -3  0   4  2  0  0  0  0/1    19:51   2:45   0:00 
Justin Braun             0  0  0  -3  0   0  0  1  0  0  0/0    21:05   0:43   3:37 
Mark Stone               0  0  0  -3  0   8  0  0  0  0  1/2    18:19   1:13   0:00 
Matt Irwin               0  0  0  -3  2   1  3  0  0  0  0/0    21:15   2:45   2:20 
Nicholas Robertson       0  0  0   0  0   0  1  0  0  0  0/0     5:23   1:13   0:08 
Peyton Krebs             0  1  1  -1  6   0  1  0  0  0  1/2    15:51   0:00   0:00 
Ryan O'Reilly            1  0  1  -1  0   4  1  0  0  0  14/28  18:28   0:22   2:13 
Seth Jarvis              0  0  0   0  0   1  0  2  0  0  2/14   14:57   0:00   3:53 
Teuvo Teravainen         0  0  0   0  0   3  0  2  0  0  2/10   17:42   2:45   3:53 
William Karlsson         0  1  1  -3  0   1  0  0  0  0  19/27  19:51   2:45   0:00 

3 Stars

1 - Mats Zuccarello (BAN)
2 - Miro Heiskanen (BAN)
3 - John Tavares (BAN)

Power Play

BANFF WOLVES - 0 on 4 Attempt(s) - 0,00%
LONG BEACH BARACUDAS - 0 on 2 Attempt(s) - 0,00%

Penalty Kill

BANFF WOLVES - 2 on 2 Attempt(s) - 100,00% - Score 0 goal in Penalty Kill
LONG BEACH BARACUDAS - 4 on 4 Attempt(s) - 100,00% - Score 0 goal in Penalty Kill

Team Stat

BANFF WOLVES - Hits : 14 - Faceoff Wins : 50 - Blocked Shots : 10 - Penalty Minutes : 4
LONG BEACH BARACUDAS - Hits : 16 - Faceoff Wins : 44 - Blocked Shots : 11 - Penalty Minutes : 8

Official

Referees : Mike Duco and Kendrick Nicholson
Linesman : Bryan Pancich and Scott Cherrey

Game Notes

Alex Lyon enters game at 1:47 of 2nd period

Finance

Level 1 -- Attendance: 5822 (82,00%) -- Ticket Income 1 135 290 $
Level 2 -- Attendance: 5925 (100,00%) -- Ticket Income 687 300 $
Level 3 -- Attendance: 3181 (78,54%) -- Ticket Income 270 385 $
Level 4 -- Attendance: 5854 (89,03%) -- Ticket Income 321 970 $
Luxury Box -- Attendance: 946 (70,07%) -- Ticket Income 307 450 $
Game was played at the MONSTER ENERGY CENTER.
Total Attendance: 21728 (86,91%)
Total Ticket Income: 2 722 395 $
Other Expense: 27 224 $
Total Income: 2 695 171 $

BANFF WOLVES

5 vs 5 Forward 
   Center                   Left Wing                Right Wing               Time % Phy DF OF 
 1 Elias Lindholm           Roope Hintz              Mats Zuccarello          34     0   1  4  
 2 Joel Eriksson Ek         Adam Henrique            Timo Meier               32     0   1  4  
 3 Jordan Staal             John Tavares             Tyler Toffoli            29     0   1  4  
 4 Joel Eriksson Ek         Jason Dickinson          Eric Staal               5      0   4  1  

5 vs 5 Defense 
   Defense                  Defense                                           Time % Phy DF OF 
 1 Quinton Hughes           Roman Josi                                        41     0   1  4  
 2 Miro Heiskanen           Cam Fowler                                        41     0   1  4  
 3 Ian Cole                 Simon Benoit                                      9      1   3  1  
 4 Roman Josi               Miro Heiskanen                                    9      0   0  5  

PowerPlay Forward 
   Center                   Left Wing                Right Wing               Time % Phy DF OF 
 1 Elias Lindholm           Tyler Toffoli            Mats Zuccarello          60     0   0  5  
 2 Joel Eriksson Ek         John Tavares             Timo Meier               40     0   0  5  

PowerPlay Defense
   Defense                  Defense                                           Time % Phy DF OF 
 1 Quinton Hughes           Roman Josi                                        60     0   0  5  
 2 Miro Heiskanen           Roope Hintz                                       40     0   0  5  

Penalty Kill 4 Players Forward 
   Center                   Wing                     Time % Phy DF OF 
 1 Joel Eriksson Ek         Jason Dickinson          50     0   5  0  
 2 Elias Lindholm           Adam Henrique            50     0   5  0  

Penalty Kill 4 Players Defense
   Defense                  Defense                  Time % Phy DF OF 
 1 Miro Heiskanen           Ian Cole                 50     0   5  0  
 2 Roman Josi               Cam Fowler               50     0   5  0  

Penalty Kill - 3 Players Forward 
   Forward                                           Time % Phy DF OF 
 1 Elias Lindholm                                    50     0   5  0  
 2 Jason Dickinson                                   50     0   5  0  

Penalty Kill - 3 Players Defense
   Defense                  Defense                  Time % Phy DF OF 
 1 Cam Fowler               Roman Josi               50     0   5  0  
 2 Quinton Hughes           Miro Heiskanen           50     0   5  0  

4 vs 4 Forward 
   Center                   Wing                     Time % Phy DF OF 
 1 Elias Lindholm           John Tavares             55     0   1  4  
 2 Joel Eriksson Ek         Mats Zuccarello          45     0   1  4  

4 vs 4 Defense
   Defense                  Defense                  Time % Phy DF OF 
 1 Miro Heiskanen           Cam Fowler               55     0   1  4  
 2 Quinton Hughes           Roman Josi               45     0   1  4  

Last Minutes Offensive
   Center                   Left Wing                Right Wing               Defense                  Defense                  
   Elias Lindholm           Roope Hintz              Mats Zuccarello          Quinton Hughes           Roman Josi               

Last Minutes Defensive
   Center                   Left Wing                Right Wing               Defense                  Defense                  
   Elias Lindholm           Adam Henrique            Mats Zuccarello          Roman Josi               Miro Heiskanen           

Goaltenders
Starting : Jordan Binnington        
Backup : Jeremy Swayman           

Extra Forwards
Normal : John Tavares, Mats Zuccarello, Elias Lindholm - PP : Mats Zuccarello, John Tavares - PK : John Tavares
Extra Defensemen
Normal : Quinton Hughes, Miro Heiskanen, Roman Josi - PP : Quinton Hughes - PK : Roman Josi, Miro Heiskanen
Penalty Shots
John Tavares, Mats Zuccarello, Elias Lindholm, Roope Hintz, Joel Eriksson Ek
Custom OT Lines Forwards
John Tavares, Mats Zuccarello, Elias Lindholm, Roope Hintz, Joel Eriksson Ek, Adam Henrique, Tyler Toffoli, Jason Dickinson, Timo Meier, Jordan Staal
Custom OT Lines Defensemen
Quinton Hughes, Cam Fowler, Miro Heiskanen, Roman Josi, Simon Benoit

Scratches
Adam Erne (Healthy), Nick Leddy (Broken Bone (Right Leg) Injury)

LONG BEACH BARACUDAS

5 vs 5 Forward 
   Center                   Left Wing                Right Wing               Time % Phy DF OF 
 1 William Karlsson         Jaden Schwartz           Mark Stone               36     0   1  4  
 2 Ryan O'Reilly            Peyton Krebs             Andreas Athanasiou       31     0   2  3  
 3 Seth Jarvis              Boris Katchouk           Teuvo Teravainen         23     0   2  3  
 4 Derek Stepan             Nicholas Robertson       Alexander Holtz          10     1   2  2  

5 vs 5 Defense 
   Defense                  Defense                                           Time % Phy DF OF 
 1 Justin Braun             Matt Irwin                                        36     0   2  3  
 2 Anton Stralman           Ethan Prow                                        31     0   3  2  
 3 Alexander Romanov        Calen Addison                                     23     0   3  2  
 4 Justin Braun             Matt Irwin                                        10     0   3  2  

PowerPlay Forward 
   Center                   Left Wing                Right Wing               Time % Phy DF OF 
 1 William Karlsson         Jaden Schwartz           Teuvo Teravainen         55     1   2  2  
 2 Ryan O'Reilly            Nicholas Robertson       Mark Stone               45     1   2  2  

PowerPlay Defense
   Defense                  Defense                                           Time % Phy DF OF 
 1 Alexander Romanov        Matt Irwin                                        55     1   2  2  
 2 Anton Stralman           Ethan Prow                                        45     1   2  2  

Penalty Kill 4 Players Forward 
   Center                   Wing                     Time % Phy DF OF 
 1 Teuvo Teravainen         Seth Jarvis              55     1   2  2  
 2 Ryan O'Reilly            Alexander Holtz          45     1   2  2  

Penalty Kill 4 Players Defense
   Defense                  Defense                  Time % Phy DF OF 
 1 Justin Braun             Matt Irwin               55     1   2  2  
 2 Anton Stralman           Calen Addison            45     1   2  2  

Penalty Kill - 3 Players Forward 
   Forward                                           Time % Phy DF OF 
 1 Derek Stepan                                      55     1   2  2  
 2 William Karlsson                                  45     1   2  2  

Penalty Kill - 3 Players Defense
   Defense                  Defense                  Time % Phy DF OF 
 1 Justin Braun             Matt Irwin               55     1   2  2  
 2 Calen Addison            Ethan Prow               45     1   2  2  

4 vs 4 Forward 
   Center                   Wing                     Time % Phy DF OF 
 1 Teuvo Teravainen         Nicholas Robertson       55     1   2  2  
 2 Ryan O'Reilly            Boris Katchouk           45     1   2  2  

4 vs 4 Defense
   Defense                  Defense                  Time % Phy DF OF 
 1 Justin Braun             Matt Irwin               55     1   2  2  
 2 Anton Stralman           Ethan Prow               45     1   2  2  

Last Minutes Offensive
   Center                   Left Wing                Right Wing               Defense                  Defense                  
   Ryan O'Reilly            Seth Jarvis              Mark Stone               Justin Braun             Matt Irwin               

Last Minutes Defensive
   Center                   Left Wing                Right Wing               Defense                  Defense                  
   Andreas Athanasiou       Peyton Krebs             Mark Stone               Justin Braun             Matt Irwin               

Goaltenders
Starting : Ukko-Pekka Luukkonen     
Backup : Alex Lyon                

Extra Forwards
Normal : Derek Stepan, Boris Katchouk, Seth Jarvis - PP : Derek Stepan, Boris Katchouk - PK : Seth Jarvis
Extra Defensemen
Normal : Alexander Romanov, Calen Addison, Anton Stralman - PP : Alexander Romanov - PK : Calen Addison, Anton Stralman
Penalty Shots
Seth Jarvis, Mark Stone, Ryan O'Reilly, William Karlsson, Teuvo Teravainen
Custom OT Lines Forwards
William Karlsson, Boris Katchouk, Ryan O'Reilly, Mark Stone, Teuvo Teravainen, Andreas Athanasiou, Seth Jarvis, Peyton Krebs, Alexander Holtz, Derek Stepan
Custom OT Lines Defensemen
Justin Braun, Matt Irwin, Anton Stralman, Ethan Prow, Alexander Romanov

Scratches
Taylor Hall (Sore Right Knee Injury), Alex Pietrangelo (Lower Body Injury), Kyle Connor (Exhaustion), Calvin De Haan (Abdomen/Ribs Injury), Scott Harrington (Sprained Left Knee Injury)
Pyotr Kochetkov (Torso Injury)

% Time on Ice - BANFF WOLVES

Lines # - Real PCT - Wanted PCT - Time Play
Normal Forward
1 - 35% - 34% - 16:42
2 - 31% - 32% - 14:42
3 - 30% - 29% - 14:22
4 - 5% - 5% - 2:19
Normal Defense
1 - 35% - 41% - 16:49
2 - 36% - 41% - 17:10
3 - 26% - 9% - 12:24
4 - 4% - 9% - 1:42
PP Forward
1 - 56% - 60% - 4:28
2 - 44% - 40% - 3:29
PP Defense
1 - 56% - 60% - 4:28
2 - 44% - 40% - 3:29
PK Forward
1 - 58% - 50% - 2:18
2 - 42% - 50% - 1:40
PK Defense
1 - 53% - 50% - 2:05
2 - 47% - 50% - 1:53
PK3 Forward
1 - 0% - 50%
2 - 0% - 50%
PK3 Defense
1 - 0% - 50%
2 - 0% - 50%
44 Forward
1 - 0% - 55%
2 - 0% - 45%
44 Defense
1 - 0% - 55%
2 - 0% - 45%
Last Minute Offensive  - 0:00
Last Minute Defensive  - 0:00
Total
Forward - 60:00
Defense - 60:00

% Time on Ice - LONG BEACH BARACUDAS

Lines # - Real PCT - Wanted PCT - Time Play
Normal Forward
1 - 36% - 36% - 17:06
2 - 33% - 31% - 15:53
3 - 23% - 23% - 11:04
4 - 8% - 10% - 4:02
Normal Defense
1 - 30% - 36% - 14:29
2 - 36% - 31% - 17:31
3 - 29% - 23% - 13:49
4 - 5% - 10% - 2:16
PP Forward
1 - 69% - 55% - 2:45
2 - 31% - 45% - 1:13
PP Defense
1 - 91% - 55% - 3:36
2 - 9% - 45% - 0:22
PK Forward
1 - 56% - 55% - 4:27
2 - 44% - 45% - 3:30
PK Defense
1 - 65% - 55% - 5:12
2 - 35% - 45% - 2:45
PK3 Forward
1 - 0% - 55%
2 - 0% - 45%
PK3 Defense
1 - 0% - 55%
2 - 0% - 45%
44 Forward
1 - 0% - 55%
2 - 0% - 45%
44 Defense
1 - 0% - 55%
2 - 0% - 45%
Last Minute Offensive  - 0:00
Last Minute Defensive  - 0:00
Total
Forward - 60:00
Defense - 60:00

Play-by-Play

1st period


0:01 of 1st period - Elias Lindholm wins face-off versus William Karlsson in neutral zone.
0:16 of 1st period - Shot by Mats Zuccarello.
0:16 of 1st period - Shot Misses the Net.
0:20 of 1st period - Shot by Elias Lindholm.
0:20 of 1st period - Stopped by Ukko-Pekka Luukkonen without a rebound.
0:21 of 1st period - Ryan O'Reilly wins face-off versus Joel Eriksson Ek in LONG BEACH BARACUDAS zone.
0:48 of 1st period - Shot by Andreas Athanasiou.
0:48 of 1st period - Shot Misses the Net.
0:54 of 1st period - Shot by Ryan O'Reilly.
0:54 of 1st period - Shot Blocked by Miro Heiskanen.
0:56 of 1st period - Shot by Ryan O'Reilly.
0:56 of 1st period - Stopped by Jordan Binnington without a rebound.
0:57 of 1st period - Jordan Staal wins face-off versus Seth Jarvis in BANFF WOLVES zone.
1:23 of 1st period - Off-side.
1:24 of 1st period - Mark Stone wins face-off versus Elias Lindholm in neutral zone.
1:31 of 1st period - Shot by Mark Stone.
1:31 of 1st period - Shot Blocked by Quinton Hughes.
2:05 of 1st period - Shot by Mark Stone.
2:05 of 1st period - Stopped by Jordan Binnington without a rebound.
2:06 of 1st period - Jordan Staal wins face-off versus Derek Stepan in BANFF WOLVES zone.
2:08 of 1st period - John Tavares is hit by Nicholas Robertson and loses puck.
2:39 of 1st period - John Tavares is hit by Anton Stralman and loses puck.
3:40 of 1st period - Shot by Adam Henrique.
3:40 of 1st period - Shot Blocked by Calen Addison.
3:48 of 1st period - Shot by Joel Eriksson Ek.
3:48 of 1st period - Stopped by Ukko-Pekka Luukkonen without a rebound.
3:49 of 1st period - Elias Lindholm wins face-off versus Seth Jarvis in LONG BEACH BARACUDAS zone.
3:58 of 1st period - Shot by Roope Hintz.
3:58 of 1st period - Stopped by Ukko-Pekka Luukkonen without a rebound.
3:59 of 1st period - William Karlsson wins face-off versus Elias Lindholm in LONG BEACH BARACUDAS zone.
4:06 of 1st period - Shot by Jaden Schwartz.
4:06 of 1st period - Shot Misses the Net.
4:31 of 1st period - Shot by Roope Hintz.
4:31 of 1st period - Goal by Roope Hintz - BANFF WOLVES : 1 - LONG BEACH BARACUDAS : 0.
4:32 of 1st period - Seth Jarvis wins face-off versus Joel Eriksson Ek in neutral zone.
4:37 of 1st period - Shot by Teuvo Teravainen.
4:37 of 1st period - Shot Blocked by Jason Dickinson.
5:02 of 1st period - Off-side.
5:03 of 1st period - William Karlsson wins face-off versus Tyler Toffoli in neutral zone.
5:08 of 1st period - Shot by Jaden Schwartz.
5:08 of 1st period - Shot Misses the Net.
5:19 of 1st period - Icing by Simon Benoit.
5:20 of 1st period - Ryan O'Reilly wins face-off versus Jordan Staal in BANFF WOLVES zone.
5:21 of 1st period - Shot by Andreas Athanasiou.
5:21 of 1st period - Deflect By Ryan O'Reilly.
5:21 of 1st period - Shot Misses the Net.
5:43 of 1st period - Shot by Jordan Staal.
5:43 of 1st period - Stopped by Ukko-Pekka Luukkonen with a rebound.
5:53 of 1st period - Shot by Andreas Athanasiou.
5:53 of 1st period - Shot Blocked by Ian Cole.
5:56 of 1st period - Icing by Ian Cole.
5:57 of 1st period - Jordan Staal wins face-off versus William Karlsson in BANFF WOLVES zone.
6:09 of 1st period - Icing by Simon Benoit.
6:10 of 1st period - Jordan Staal wins face-off versus Seth Jarvis in BANFF WOLVES zone.
6:10 of 1st period - John Tavares is hit by Boris Katchouk and loses puck.
6:40 of 1st period - John Tavares is hit by Alexander Romanov and loses puck.
7:02 of 1st period - Cam Fowler is hit by Matt Irwin and loses puck.
7:15 of 1st period - Shot by Jaden Schwartz.
7:15 of 1st period - Shot Blocked by Cam Fowler.
7:17 of 1st period - Shot by William Karlsson.
7:17 of 1st period - Stopped by Jordan Binnington without a rebound.
7:18 of 1st period - Ryan O'Reilly wins face-off versus Elias Lindholm in BANFF WOLVES zone.
7:22 of 1st period - Icing by Roman Josi.
7:23 of 1st period - William Karlsson wins face-off versus Roope Hintz in BANFF WOLVES zone.
7:50 of 1st period - Shot by Roope Hintz.
7:50 of 1st period - Shot Blocked by Ethan Prow.
10:23 of 1st period - Icing by Simon Benoit.
10:24 of 1st period - William Karlsson wins face-off versus Jordan Staal in BANFF WOLVES zone.
10:56 of 1st period - Shot by Tyler Toffoli.
10:56 of 1st period - Shot Hit the Post.
10:58 of 1st period - Shot by John Tavares.
10:58 of 1st period - Goal by John Tavares - BANFF WOLVES : 2 - LONG BEACH BARACUDAS : 0.
10:59 of 1st period - Elias Lindholm wins face-off versus Ryan O'Reilly in neutral zone.
10:59 of 1st period - Minor Penalty to Peyton Krebs for Cross-checking.
11:00 of 1st period - Mats Zuccarello wins face-off versus Teuvo Teravainen in LONG BEACH BARACUDAS zone.
11:05 of 1st period - Shot by Roman Josi.
11:05 of 1st period - Shot Misses the Net.
11:32 of 1st period - Icing by Mats Zuccarello.
11:33 of 1st period - Elias Lindholm wins face-off versus Ryan O'Reilly in BANFF WOLVES zone.
11:44 of 1st period - Icing by Elias Lindholm.
11:45 of 1st period - Elias Lindholm wins face-off versus Teuvo Teravainen in BANFF WOLVES zone.
11:52 of 1st period - Shot by Quinton Hughes.
11:52 of 1st period - Stopped by Ukko-Pekka Luukkonen without a rebound.
11:53 of 1st period - Teuvo Teravainen wins face-off versus Joel Eriksson Ek in LONG BEACH BARACUDAS zone.
11:57 of 1st period - Off-side.
11:58 of 1st period - Joel Eriksson Ek wins face-off versus Teuvo Teravainen in neutral zone.
12:05 of 1st period - Shot by Miro Heiskanen.
12:05 of 1st period - Shot Misses the Net.
12:21 of 1st period - Shot by John Tavares.
12:21 of 1st period - Stopped by Ukko-Pekka Luukkonen without a rebound.
12:22 of 1st period - Ryan O'Reilly wins face-off versus Elias Lindholm in LONG BEACH BARACUDAS zone.
14:00 of 1st period - Anton Stralman is hit by Elias Lindholm and loses puck.
14:21 of 1st period - Shot by Mats Zuccarello.
14:21 of 1st period - Deflect By Roope Hintz.
14:21 of 1st period - Stopped by Ukko-Pekka Luukkonen without a rebound.
14:22 of 1st period - Ryan O'Reilly wins face-off versus Jordan Staal in LONG BEACH BARACUDAS zone.
15:04 of 1st period - Icing by Matt Irwin.
15:05 of 1st period - Peyton Krebs wins face-off versus Elias Lindholm in LONG BEACH BARACUDAS zone.
15:16 of 1st period - Shot by Mats Zuccarello.
15:16 of 1st period - Shot Blocked by Justin Braun.
15:27 of 1st period - Ryan O'Reilly is hit by Miro Heiskanen.
15:48 of 1st period - Justin Braun is hit by Roope Hintz and loses puck.
17:04 of 1st period - Off-side.
17:05 of 1st period - William Karlsson wins face-off versus John Tavares in neutral zone.
17:10 of 1st period - Shot by Mark Stone.
17:10 of 1st period - Stopped by Jordan Binnington with a rebound.
17:26 of 1st period - Shot by Tyler Toffoli.
17:26 of 1st period - Shot Misses the Net.
17:30 of 1st period - Shot by John Tavares.
17:30 of 1st period - The goal is going for a video replay.
17:30 of 1st period - The goal is refused.
17:31 of 1st period - Elias Lindholm wins face-off versus Boris Katchouk in LONG BEACH BARACUDAS zone.
18:00 of 1st period - Shot by Seth Jarvis.
18:00 of 1st period - Deflect By Teuvo Teravainen.
18:00 of 1st period - Shot Blocked by Miro Heiskanen.
18:19 of 1st period - Shot by Roope Hintz.
18:19 of 1st period - Deflect By Mats Zuccarello.
18:19 of 1st period - Stopped by Ukko-Pekka Luukkonen without a rebound.
18:20 of 1st period - William Karlsson wins face-off versus Timo Meier in LONG BEACH BARACUDAS zone.
18:20 of 1st period - William Karlsson is hit by Joel Eriksson Ek.
18:35 of 1st period - Off-side.
18:36 of 1st period - Derek Stepan wins face-off versus Jordan Staal in neutral zone.
19:07 of 1st period - Shot by Tyler Toffoli.
19:07 of 1st period - Stopped by Ukko-Pekka Luukkonen without a rebound.
19:08 of 1st period - William Karlsson wins face-off versus Elias Lindholm in LONG BEACH BARACUDAS zone.
19:20 of 1st period - Shot by Mats Zuccarello.
19:20 of 1st period - Stopped by Ukko-Pekka Luukkonen with a rebound.
19:22 of 1st period - Shot by Cam Fowler.
19:22 of 1st period - Goal by Cam Fowler - BANFF WOLVES : 3 - LONG BEACH BARACUDAS : 0.
19:23 of 1st period - Adam Henrique wins face-off versus Seth Jarvis in neutral zone.
19:42 of 1st period - Shot by Timo Meier.
19:42 of 1st period - Stopped by Ukko-Pekka Luukkonen without a rebound.
19:43 of 1st period - William Karlsson wins face-off versus Elias Lindholm in LONG BEACH BARACUDAS zone.
Goals for this period are 3 for BANFF WOLVES vs 0 for LONG BEACH BARACUDAS.
Shots for this period are 15 for BANFF WOLVES vs 4 for LONG BEACH BARACUDAS.

2nd period


0:01 of 2nd period - Ryan O'Reilly wins face-off versus Joel Eriksson Ek in neutral zone.
0:04 of 2nd period - Shot by Peyton Krebs.
0:04 of 2nd period - Shot Hit the Post.
0:06 of 2nd period - Shot by Justin Braun.
0:06 of 2nd period - Shot Blocked by Roman Josi.
0:08 of 2nd period - Shot by Matt Irwin.
0:08 of 2nd period - Shot Misses the Net.
0:10 of 2nd period - Shot by Matt Irwin.
0:10 of 2nd period - Stopped by Jordan Binnington without a rebound.
0:11 of 2nd period - William Karlsson wins face-off versus Elias Lindholm in BANFF WOLVES zone.
0:12 of 2nd period - Shot by Jaden Schwartz.
0:12 of 2nd period - Goal by Jaden Schwartz - BANFF WOLVES : 3 - LONG BEACH BARACUDAS : 1.
0:13 of 2nd period - Elias Lindholm wins face-off versus Jaden Schwartz in neutral zone.
0:13 of 2nd period - Elias Lindholm is hit by Jaden Schwartz.
1:47 of 2nd period - Shot by Timo Meier.
1:47 of 2nd period - Goal by Timo Meier - BANFF WOLVES : 4 - LONG BEACH BARACUDAS : 1.
1:47 of 2nd period - Alex Lyon enters game.
1:48 of 2nd period - Seth Jarvis wins face-off versus Jordan Staal in neutral zone.
1:52 of 2nd period - Calen Addison is hit by Simon Benoit and loses puck.
1:56 of 2nd period - Icing by Tyler Toffoli.
1:57 of 2nd period - Jordan Staal wins face-off versus Derek Stepan in BANFF WOLVES zone.
1:57 of 2nd period - Jordan Staal is hit by Alexander Holtz.
2:09 of 2nd period - Shot by John Tavares.
2:09 of 2nd period - Shot Blocked by Alexander Romanov.
2:12 of 2nd period - Icing by Alexander Romanov.
2:13 of 2nd period - Derek Stepan wins face-off versus Joel Eriksson Ek in LONG BEACH BARACUDAS zone.
2:13 of 2nd period - Derek Stepan is hit by Joel Eriksson Ek.
2:20 of 2nd period - Alexander Romanov is hit by Quinton Hughes and loses puck.
2:29 of 2nd period - Shot by Joel Eriksson Ek.
2:29 of 2nd period - Shot Misses the Net.
2:31 of 2nd period - Shot by Adam Henrique.
2:31 of 2nd period - Shot Misses the Net.
3:08 of 2nd period - Shot by Teuvo Teravainen.
3:08 of 2nd period - Stopped by Jordan Binnington without a rebound.
3:09 of 2nd period - Ryan O'Reilly wins face-off versus Elias Lindholm in BANFF WOLVES zone.
3:22 of 2nd period - Shot by Ryan O'Reilly.
3:22 of 2nd period - Shot Misses the Net.
3:24 of 2nd period - Shot by Andreas Athanasiou.
3:24 of 2nd period - Deflect By Ryan O'Reilly.
3:24 of 2nd period - Shot Misses the Net.
3:31 of 2nd period - Minor Penalty to Cam Fowler for Holding.
3:32 of 2nd period - Joel Eriksson Ek wins face-off versus William Karlsson in BANFF WOLVES zone.
3:32 of 2nd period - Joel Eriksson Ek is hit by Jaden Schwartz.
5:28 of 2nd period - Shot by Mark Stone.
5:28 of 2nd period - Stopped by Jordan Binnington without a rebound.
5:29 of 2nd period - Ryan O'Reilly wins face-off versus Elias Lindholm in BANFF WOLVES zone.
5:32 of 2nd period - Shot by Mark Stone.
5:32 of 2nd period - Shot Blocked by Ian Cole.
5:34 of 2nd period - Shot by Ryan O'Reilly.
5:34 of 2nd period - Shot Misses the Net.
6:06 of 2nd period - Shot by Ryan O'Reilly.
6:06 of 2nd period - Stopped by Jordan Binnington without a rebound.
6:07 of 2nd period - Elias Lindholm wins face-off versus Derek Stepan in BANFF WOLVES zone.
6:52 of 2nd period - Shot by Roope Hintz.
6:52 of 2nd period - Shot Blocked by Seth Jarvis.
6:54 of 2nd period - Shot by Roope Hintz.
6:54 of 2nd period - Shot Misses the Net.
7:17 of 2nd period - Icing by Miro Heiskanen.
7:18 of 2nd period - Joel Eriksson Ek wins face-off versus Ryan O'Reilly in BANFF WOLVES zone.
7:36 of 2nd period - Shot by Andreas Athanasiou.
7:36 of 2nd period - Shot Misses the Net.
7:40 of 2nd period - Shot by Ryan O'Reilly.
7:40 of 2nd period - Shot Misses the Net.
7:42 of 2nd period - Shot by Anton Stralman.
7:42 of 2nd period - Stopped by Jordan Binnington with a rebound.
7:46 of 2nd period - Shot by Ryan O'Reilly.
7:46 of 2nd period - Shot Misses the Net.
8:59 of 2nd period - Shot by Nicholas Robertson.
8:59 of 2nd period - Deflect By Alexander Holtz.
8:59 of 2nd period - Stopped by Jordan Binnington without a rebound.
9:00 of 2nd period - Elias Lindholm wins face-off versus Seth Jarvis in BANFF WOLVES zone.
10:24 of 2nd period - Shot by Mark Stone.
10:24 of 2nd period - Stopped by Jordan Binnington without a rebound.
10:25 of 2nd period - Jordan Staal wins face-off versus Ryan O'Reilly in BANFF WOLVES zone.
10:30 of 2nd period - Shot by John Tavares.
10:30 of 2nd period - Shot Misses the Net.
10:32 of 2nd period - Shot by Jordan Staal.
10:32 of 2nd period - Shot Hit the Post.
11:01 of 2nd period - John Tavares is hit by Matt Irwin and loses puck.
11:19 of 2nd period - Off-side.
11:20 of 2nd period - Joel Eriksson Ek wins face-off versus William Karlsson in neutral zone.
11:40 of 2nd period - Adam Henrique is hit by Calen Addison and loses puck.
12:02 of 2nd period - Off-side.
12:03 of 2nd period - Elias Lindholm wins face-off versus Derek Stepan in neutral zone.
12:20 of 2nd period - Shot by Roope Hintz.
12:20 of 2nd period - Stopped by Alex Lyon without a rebound.
12:21 of 2nd period - Jordan Staal wins face-off versus Seth Jarvis in LONG BEACH BARACUDAS zone.
12:22 of 2nd period - Shot by John Tavares.
12:22 of 2nd period - Shot Misses the Net.
12:27 of 2nd period - Icing by Seth Jarvis.
12:28 of 2nd period - Elias Lindholm wins face-off versus Seth Jarvis in LONG BEACH BARACUDAS zone.
12:42 of 2nd period - Shot by Seth Jarvis.
12:42 of 2nd period - Stopped by Jordan Binnington with a rebound.
12:44 of 2nd period - Shot by Matt Irwin.
12:44 of 2nd period - Shot Misses the Net.
13:06 of 2nd period - Justin Braun is hit by Elias Lindholm.
13:11 of 2nd period - Icing by Seth Jarvis.
13:12 of 2nd period - Joel Eriksson Ek wins face-off versus Seth Jarvis in LONG BEACH BARACUDAS zone.
14:11 of 2nd period - Shot by Mark Stone.
14:11 of 2nd period - Stopped by Jordan Binnington without a rebound.
14:12 of 2nd period - Ryan O'Reilly wins face-off versus Jordan Staal in BANFF WOLVES zone.
14:15 of 2nd period - Shot by Andreas Athanasiou.
14:15 of 2nd period - Stopped by Jordan Binnington without a rebound.
14:16 of 2nd period - Ryan O'Reilly wins face-off versus Jordan Staal in BANFF WOLVES zone.
14:37 of 2nd period - Shot by Tyler Toffoli.
14:37 of 2nd period - Stopped by Alex Lyon without a rebound.
14:38 of 2nd period - Elias Lindholm wins face-off versus Mark Stone in LONG BEACH BARACUDAS zone.
14:47 of 2nd period - Shot by Elias Lindholm.
14:47 of 2nd period - Stopped by Alex Lyon without a rebound.
14:48 of 2nd period - Elias Lindholm wins face-off versus William Karlsson in LONG BEACH BARACUDAS zone.
14:48 of 2nd period - Elias Lindholm is hit by Alexander Romanov.
14:50 of 2nd period - Shot by Mats Zuccarello.
14:50 of 2nd period - Goal by Mats Zuccarello - BANFF WOLVES : 5 - LONG BEACH BARACUDAS : 1.
14:51 of 2nd period - William Karlsson wins face-off versus Elias Lindholm in neutral zone.
15:04 of 2nd period - Shot by Elias Lindholm.
15:04 of 2nd period - Stopped by Alex Lyon without a rebound.
15:05 of 2nd period - Jordan Staal wins face-off versus Ryan O'Reilly in LONG BEACH BARACUDAS zone.
15:05 of 2nd period - Jordan Staal is hit by Matt Irwin.
15:14 of 2nd period - Icing by Matt Irwin.
15:15 of 2nd period - Ryan O'Reilly wins face-off versus Elias Lindholm in LONG BEACH BARACUDAS zone.
15:20 of 2nd period - Shot by Elias Lindholm.
15:20 of 2nd period - Stopped by Alex Lyon with a rebound.
15:22 of 2nd period - Shot by Quinton Hughes.
15:22 of 2nd period - Stopped by Alex Lyon without a rebound.
15:23 of 2nd period - William Karlsson wins face-off versus Tyler Toffoli in LONG BEACH BARACUDAS zone.
15:31 of 2nd period - Shot by Mark Stone.
15:31 of 2nd period - Stopped by Jordan Binnington without a rebound.
15:32 of 2nd period - Elias Lindholm wins face-off versus William Karlsson in BANFF WOLVES zone.
15:55 of 2nd period - Shot by Mats Zuccarello.
15:55 of 2nd period - Stopped by Alex Lyon without a rebound.
15:56 of 2nd period - Ryan O'Reilly wins face-off versus Jordan Staal in LONG BEACH BARACUDAS zone.
15:56 of 2nd period - Ryan O'Reilly is hit by Jordan Staal.
16:07 of 2nd period - Shot by Andreas Athanasiou.
16:07 of 2nd period - Shot Misses the Net.
16:26 of 2nd period - Shot by Ryan O'Reilly.
16:26 of 2nd period - Shot Misses the Net.
16:28 of 2nd period - Shot by Ryan O'Reilly.
16:28 of 2nd period - Goal by Ryan O'Reilly - BANFF WOLVES : 5 - LONG BEACH BARACUDAS : 2.
16:29 of 2nd period - William Karlsson wins face-off versus Joel Eriksson Ek in neutral zone.
16:44 of 2nd period - Shot by Jaden Schwartz.
16:44 of 2nd period - Stopped by Jordan Binnington without a rebound.
16:45 of 2nd period - Elias Lindholm wins face-off versus Seth Jarvis in BANFF WOLVES zone.
17:00 of 2nd period - Shot by Teuvo Teravainen.
17:00 of 2nd period - Stopped by Jordan Binnington without a rebound.
17:01 of 2nd period - William Karlsson wins face-off versus Timo Meier in BANFF WOLVES zone.
17:08 of 2nd period - Shot by Mark Stone.
17:08 of 2nd period - Deflect By Jaden Schwartz.
17:08 of 2nd period - Shot Misses the Net.
17:10 of 2nd period - Shot by Jaden Schwartz.
17:10 of 2nd period - Shot Misses the Net.
17:12 of 2nd period - Shot by Jaden Schwartz.
17:12 of 2nd period - Stopped by Jordan Binnington without a rebound.
17:13 of 2nd period - Elias Lindholm wins face-off versus Ryan O'Reilly in BANFF WOLVES zone.
17:27 of 2nd period - Off-side.
17:28 of 2nd period - Joel Eriksson Ek wins face-off versus William Karlsson in neutral zone.
18:06 of 2nd period - Icing by Quinton Hughes.
18:07 of 2nd period - Joel Eriksson Ek wins face-off versus Ryan O'Reilly in BANFF WOLVES zone.
18:16 of 2nd period - Peyton Krebs is hit by Joel Eriksson Ek and loses puck.
18:22 of 2nd period - Icing by Ryan O'Reilly.
18:23 of 2nd period - Jordan Staal wins face-off versus Ryan O'Reilly in LONG BEACH BARACUDAS zone.
18:26 of 2nd period - Shot by John Tavares.
18:26 of 2nd period - Shot Blocked by Ethan Prow.
18:38 of 2nd period - Tyler Toffoli is hit by Anton Stralman and loses puck.
18:43 of 2nd period - Shot by John Tavares.
18:43 of 2nd period - Stopped by Alex Lyon without a rebound.
18:44 of 2nd period - William Karlsson wins face-off versus Elias Lindholm in LONG BEACH BARACUDAS zone.
19:45 of 2nd period - Icing by Miro Heiskanen.
19:46 of 2nd period - Jordan Staal wins face-off versus Peyton Krebs in BANFF WOLVES zone.
19:55 of 2nd period - Shot by Tyler Toffoli.
19:55 of 2nd period - Goal by Tyler Toffoli - BANFF WOLVES : 6 - LONG BEACH BARACUDAS : 2.
19:56 of 2nd period - Joel Eriksson Ek wins face-off versus Seth Jarvis in neutral zone.
Goals for this period are 3 for BANFF WOLVES vs 2 for LONG BEACH BARACUDAS.
Shots for this period are 11 for BANFF WOLVES vs 16 for LONG BEACH BARACUDAS.

3rd period


0:01 of 3rd period - William Karlsson wins face-off versus Jordan Staal in neutral zone.
0:18 of 3rd period - Shot by Mark Stone.
0:18 of 3rd period - Shot Misses the Net.
0:20 of 3rd period - Shot by Mark Stone.
0:20 of 3rd period - Shot Misses the Net.
0:40 of 3rd period - Shot by Mark Stone.
0:40 of 3rd period - Shot Blocked by Miro Heiskanen.
0:50 of 3rd period - Shot by Andreas Athanasiou.
0:50 of 3rd period - Shot Misses the Net.
0:52 of 3rd period - Shot by Ryan O'Reilly.
0:52 of 3rd period - Shot Misses the Net.
1:23 of 3rd period - Shot by Adam Henrique.
1:23 of 3rd period - Stopped by Alex Lyon without a rebound.
1:24 of 3rd period - Elias Lindholm wins face-off versus Teuvo Teravainen in LONG BEACH BARACUDAS zone.
1:40 of 3rd period - Icing by Calen Addison.
1:41 of 3rd period - Adam Henrique wins face-off versus Seth Jarvis in LONG BEACH BARACUDAS zone.
1:48 of 3rd period - Shot by Joel Eriksson Ek.
1:48 of 3rd period - Shot Blocked by Alexander Romanov.
1:50 of 3rd period - Shot by Cam Fowler.
1:50 of 3rd period - Stopped by Alex Lyon without a rebound.
1:51 of 3rd period - William Karlsson wins face-off versus Elias Lindholm in LONG BEACH BARACUDAS zone.
2:24 of 3rd period - Shot by Jaden Schwartz.
2:24 of 3rd period - Stopped by Jordan Binnington with a rebound.
2:26 of 3rd period - Shot by Mark Stone.
2:26 of 3rd period - Shot Misses the Net.
2:28 of 3rd period - Shot by Mark Stone.
2:28 of 3rd period - Shot Blocked by Roope Hintz.
2:30 of 3rd period - Shot by Mark Stone.
2:30 of 3rd period - Stopped by Jordan Binnington without a rebound.
2:31 of 3rd period - Joel Eriksson Ek wins face-off versus Ryan O'Reilly in BANFF WOLVES zone.
2:40 of 3rd period - Shot by Adam Henrique.
2:40 of 3rd period - Stopped by Alex Lyon without a rebound.
2:41 of 3rd period - Joel Eriksson Ek wins face-off versus Seth Jarvis in LONG BEACH BARACUDAS zone.
2:42 of 3rd period - Shot by Adam Henrique.
2:42 of 3rd period - Deflect By Timo Meier.
2:42 of 3rd period - Stopped by Alex Lyon with a rebound.
3:12 of 3rd period - Shot by Joel Eriksson Ek.
3:12 of 3rd period - Shot Blocked by Teuvo Teravainen.
3:14 of 3rd period - Shot by Joel Eriksson Ek.
3:14 of 3rd period - Shot Misses the Net.
3:22 of 3rd period - Shot by Joel Eriksson Ek.
3:22 of 3rd period - Shot Blocked by Seth Jarvis.
4:12 of 3rd period - Shot by Roope Hintz.
4:12 of 3rd period - Stopped by Alex Lyon with a rebound.
4:14 of 3rd period - Shot by Roman Josi.
4:14 of 3rd period - Shot Misses the Net.
4:16 of 3rd period - Shot by Roman Josi.
4:16 of 3rd period - Stopped by Alex Lyon with a rebound.
4:18 of 3rd period - Shot by Elias Lindholm.
4:18 of 3rd period - Shot Misses the Net.
4:20 of 3rd period - Shot by Roman Josi.
4:20 of 3rd period - Shot Misses the Net.
4:49 of 3rd period - Jordan Staal is hit by Boris Katchouk and loses puck.
5:41 of 3rd period - Shot by Ryan O'Reilly.
5:41 of 3rd period - Stopped by Jordan Binnington with a rebound.
5:55 of 3rd period - Shot by Joel Eriksson Ek.
5:55 of 3rd period - Shot Misses the Net.
6:00 of 3rd period - Double Minor Penalty to Peyton Krebs for Roughing.
6:01 of 3rd period - Elias Lindholm wins face-off versus Ryan O'Reilly in LONG BEACH BARACUDAS zone.
6:08 of 3rd period - Shot by Elias Lindholm.
6:08 of 3rd period - Stopped by Alex Lyon without a rebound.
6:09 of 3rd period - Elias Lindholm wins face-off versus Ryan O'Reilly in LONG BEACH BARACUDAS zone.
6:26 of 3rd period - Shot by Roman Josi.
6:26 of 3rd period - Stopped by Alex Lyon without a rebound.
6:27 of 3rd period - Ryan O'Reilly wins face-off versus Joel Eriksson Ek in LONG BEACH BARACUDAS zone.
7:57 of 3rd period - Shot by Quinton Hughes.
7:57 of 3rd period - Shot Misses the Net.
7:59 of 3rd period - Shot by Mats Zuccarello.
7:59 of 3rd period - Stopped by Alex Lyon without a rebound.
8:00 of 3rd period - Joel Eriksson Ek wins face-off versus Teuvo Teravainen in LONG BEACH BARACUDAS zone.
8:01 of 3rd period - Shot by Roope Hintz.
8:01 of 3rd period - Shot Blocked by Alexander Romanov.
8:17 of 3rd period - Shot by John Tavares.
8:17 of 3rd period - Deflect By Timo Meier.
8:17 of 3rd period - Shot Blocked by Teuvo Teravainen.
8:43 of 3rd period - Shot by Roman Josi.
8:43 of 3rd period - Shot Misses the Net.
8:45 of 3rd period - Shot by Roman Josi.
8:45 of 3rd period - Stopped by Alex Lyon without a rebound.
8:46 of 3rd period - Andreas Athanasiou wins face-off versus Mats Zuccarello in LONG BEACH BARACUDAS zone.
9:11 of 3rd period - Shot by Roman Josi.
9:11 of 3rd period - Stopped by Alex Lyon without a rebound.
9:12 of 3rd period - Teuvo Teravainen wins face-off versus Joel Eriksson Ek in LONG BEACH BARACUDAS zone.
9:12 of 3rd period - Teuvo Teravainen is hit by John Tavares.
9:48 of 3rd period - Shot by John Tavares.
9:48 of 3rd period - Stopped by Alex Lyon without a rebound.
9:49 of 3rd period - Ryan O'Reilly wins face-off versus Elias Lindholm in LONG BEACH BARACUDAS zone.
10:19 of 3rd period - Shot by Mark Stone.
10:19 of 3rd period - Shot Misses the Net.
10:21 of 3rd period - Shot by Mark Stone.
10:21 of 3rd period - Stopped by Jordan Binnington without a rebound.
10:22 of 3rd period - Jordan Staal wins face-off versus Ryan O'Reilly in BANFF WOLVES zone.
10:22 of 3rd period - Jordan Staal is hit by Peyton Krebs.
11:28 of 3rd period - Shot by Mats Zuccarello.
11:28 of 3rd period - Stopped by Alex Lyon with a rebound.
12:53 of 3rd period - Mark Stone is hit by Simon Benoit.
12:59 of 3rd period - Minor Penalty to Ian Cole for Roughing.
13:00 of 3rd period - William Karlsson wins face-off versus Joel Eriksson Ek in BANFF WOLVES zone.
13:24 of 3rd period - Shot by Teuvo Teravainen.
13:24 of 3rd period - Stopped by Jordan Binnington without a rebound.
13:25 of 3rd period - Derek Stepan wins face-off versus Elias Lindholm in BANFF WOLVES zone.
14:07 of 3rd period - Icing by Alexander Romanov.
14:08 of 3rd period - Derek Stepan wins face-off versus Joel Eriksson Ek in LONG BEACH BARACUDAS zone.
14:30 of 3rd period - Icing by Jaden Schwartz.
14:31 of 3rd period - William Karlsson wins face-off versus Jason Dickinson in LONG BEACH BARACUDAS zone.
15:15 of 3rd period - Shot by Mats Zuccarello.
15:15 of 3rd period - Shot Misses the Net.
15:20 of 3rd period - Icing by Calen Addison.
15:21 of 3rd period - Jordan Staal wins face-off versus Ryan O'Reilly in LONG BEACH BARACUDAS zone.
15:45 of 3rd period - Shot by John Tavares.
15:45 of 3rd period - Stopped by Alex Lyon without a rebound.
15:46 of 3rd period - Elias Lindholm wins face-off versus William Karlsson in LONG BEACH BARACUDAS zone.
15:55 of 3rd period - Shot by Elias Lindholm.
15:55 of 3rd period - Shot Misses the Net.
16:06 of 3rd period - Mark Stone is hit by Miro Heiskanen and loses puck.
16:17 of 3rd period - Shot by Mats Zuccarello.
16:17 of 3rd period - Shot Misses the Net.
17:06 of 3rd period - Icing by William Karlsson.
17:07 of 3rd period - William Karlsson wins face-off versus Jordan Staal in LONG BEACH BARACUDAS zone.
17:22 of 3rd period - Icing by Jordan Staal.
17:23 of 3rd period - Jordan Staal wins face-off versus Ryan O'Reilly in BANFF WOLVES zone.
17:23 of 3rd period - Jordan Staal is hit by Ryan O'Reilly.
17:39 of 3rd period - Shot by Tyler Toffoli.
17:39 of 3rd period - Shot Misses the Net.
17:42 of 3rd period - Minor Penalty to Matt Irwin for Roughing.
17:43 of 3rd period - Elias Lindholm wins face-off versus Teuvo Teravainen in LONG BEACH BARACUDAS zone.
18:28 of 3rd period - Shot by Mats Zuccarello.
18:28 of 3rd period - Deflect By Elias Lindholm.
18:28 of 3rd period - Stopped by Alex Lyon with a rebound.
18:42 of 3rd period - Alexander Romanov is hit by Timo Meier and loses puck.
19:09 of 3rd period - Off-side.
19:10 of 3rd period - Elias Lindholm wins face-off versus Teuvo Teravainen in neutral zone.
19:22 of 3rd period - Off-side.
19:23 of 3rd period - Joel Eriksson Ek wins face-off versus Teuvo Teravainen in neutral zone.
Goals for this period are 0 for BANFF WOLVES vs 0 for LONG BEACH BARACUDAS.
Shots for this period are 15 for BANFF WOLVES vs 5 for LONG BEACH BARACUDAS.


BLAKE
WHEELER
STEVEN
STAMKOS
DREW
DOUGHTY

EAST COAST

HOCKEY LEAGUE

  • 63.RHI2PIT5
  • 64.WOR4ATL3
  • 65.QUECHW
  • 66.CHATRV